 Dungeon Crawl Stone Soup version 0.21.1-1-g345015f (webtiles) character file.

2405 wojtek the Cleaver (level 9, -1/120 HPs)
             Began as a Minotaur Berserker on Mar 13, 2018.
             Was an Elder of Trog.
             Killed from afar by an electric eel (8 damage)
             ... with a bolt of electricity
             ... on level 7 of the Dungeon.
             The game lasted 00:09:34 (6080 turns).

wojtek the Cleaver (Minotaur Berserker)             Turns: 6080, Time: 00:09:35

Health: -1/120     AC: 14    Str: 29    XL:     9   Next: 23%
Magic:  8/8        EV: 10    Int:  4    God:    Trog [****..]
Gold:   86         SH:  0    Dex: 11    Spells: 8/8 levels left

rFire    + . .     SeeInvis +   M - +0 battleaxe
rCold    . . .     Gourm    .   (shield currently unavailable)
rNeg     + . .     Faith    .   N - +0 plate armour
rPois    .         Spirit   .   (helmet restricted)
rElec    .         Reflect  .   u - +0 cloak
rCorr    .         Harm     .   (no gloves)
MR       +++..     Clarity  +   (no boots)
Stlth    ..........             v - amulet of the Four Winds {rN+ MR+++ Clar}
HPRegen  0.30/turn              g - ring of see invisible
MPRegen  0.11/turn              L - ring of protection from fire

@: berserking (expiring), starving, slow
A: retaliatory headbutt, horns 2
a: Berserk, Trog's Hand, Brothers in Arms, Burn Spellbooks, Renounce Religion


You were on level 7 of the Dungeon.
You worshipped Trog.
Trog was greatly pleased with you.
You were starving.

You visited 1 branch of the dungeon, and saw 7 of its levels.

You collected 224 gold pieces.
You spent 138 gold pieces at shops.

Inventory:

Hand Weapons
 a - a +1 hand axe of flaming
 M - a +0 battleaxe (weapon)
Missiles
 s - 7 exploding tomahawks (quivered)
 I - 5 tomahawks
Armour
 u - a +0 cloak (worn)
 x - a +0 shield
 N - a +0 plate armour (worn)
Jewellery
 d - an uncursed amulet of rage {unknown}
 g - a ring of see invisible (left hand)
 v - the amulet of the Four Winds (around neck) {rN+ MR+++ Clar}
   (You found it on level 4 of the Dungeon)

   [amulet of nothing]

   It protects you from negative energy.
   It affects your resistance to hostile enchantments.
   It protects you against confusion.
 w - an uncursed amulet of guardian spirit {unknown}
 y - an uncursed ring of resist corrosion
 L - a ring of protection from fire (right hand)
 P - a cursed -4 ring of intelligence {unknown}
Wands
 k - a wand of random effects (17)
 r - a wand of iceblast (8)
 t - a wand of polymorph (22)
 H - a wand of acid (13)
Scrolls
 e - 5 scrolls of remove curse
 f - 4 scrolls of enchant weapon {unknown}
 i - 3 scrolls of teleportation
 m - a scroll of blinking {unknown}
 n - 8 scrolls of identify
 B - 2 scrolls of amnesia {unknown}
 C - 3 scrolls of fog {unknown}
 D - 3 scrolls of fear {unknown}
 E - 2 scrolls of magic mapping
 J - a scroll of enchant armour {unknown}
 K - a scroll of vulnerability {unknown}
Potions
 b - a potion of invisibility {unknown}
 h - a potion of lignification {unknown}
 j - a potion of berserk rage {unknown}
 l - a potion of degeneration {unknown}
 o - 2 potions of heal wounds {unknown}
 p - 2 potions of flight {unknown}
 q - 2 potions of might {unknown}
 z - a potion of brilliance {unknown}
 A - a potion of curing {unknown}
 G - a potion of mutation {unknown}
Books
 F - a book of Minor Magic

   Spells                             Type                      Level
   a - Magic Dart                     Conjuration                  1
   b - Blink                          Translocation                2
   c - Call Imp                       Summoning                    2
   d - Slow                           Hexes                        2
   e - Conjure Flame                  Conjuration/Fire             3
   f - Mephitic Cloud                 Conjuration/Poison/Air       3
   Trog disapproves of the use of such an item.
Comestibles
 c - 13 rations


   Skills:
 + Level 7.6 Fighting
 * Level 10.1 Axes
 + Level 7.1 Armour
 - Level 6.1 Dodging


You had 8 spell levels left.
You didn't know any spells.

Dungeon Overview and Level Annotations

Branches:
Dungeon (7/15)             Temple (0/1) D:6

Altars:
Kikubaaqudgha
Sif Muna
Trog
The Shining One

Shops:
D:5 ?[:?


Innate Abilities, Weirdness & Mutations

You reflexively headbutt those who attack you in melee.
You have a pair of horns on your head.


Message History

Trog accepts your kill.
You hear a splash.
The electric eel shoots out a bolt of lightning at you!
The bolt of electricity hits you!
* * * LOW HITPOINT WARNING * * *
The bolt of electricity hits you!
* * * LOW HITPOINT WARNING * * *
You enter the shallow water.
Moving in this stuff is going to be slow.
You see here an electric eel corpse.
You barely miss the electric eel. You closely miss the electric eel.
You headbutt the electric eel!
The electric eel is severely wounded.
You barely miss the electric eel.
The electric eel is severely wounded.
The electric eel shoots out a bolt of lightning at you!
The bolt of electricity hits you!
* * * LOW HITPOINT WARNING * * *
The bolt of electricity hits you!
You die...

..P..P.######..........#
.P#.#
.≈P...P.##........######
..#.##
≈≈≈.....P#.#......#
P≈P..#
≈;≈≈≈≈(..#.#......###
≈≈≈..##
#≈.P#.#.####...####
≈≈≈≈P.#
#≈≈.#.#.##.........
≈≈≈≈≈.##
#≈≈≈#.#......#...##
≈≈≈#≈≈.##
#≈;##.####.#.#...##
#.###≈≈≈#
##@##............##
...#...≈#
#####.###..............
........###....##
#............##
........#.'....#
#........##.##
........'.'....#
#...........#
........###....##
#.......#.### ...#....#
#####.###..#....#.#####
#.###.≈##
##≈##..............
≈≈≈#.≈≈#
#≈≈##...##..#.##...


You could see an electric eel.

Vanquished Creatures
  The ghost of aMcNicky the Skirmisher, a novice OgBe of Trog (D:5)
  Sigmund (D:3)
  Menkaure (D:5)
  The ghost of TheNamelessOne the Firebug, an amateur DsFE (D:4)
  An orc warrior (D:6)
  3 ice beasts
  3 ogres
  2 centaurs
  A bullfrog (D:7)
  A howler monkey (D:5)
  An electric eel (D:7)
  3 crimson imps
  A centaur zombie (D:5)
  A hound (D:4)
  Crazy Yiuf (D:7)
  A bullfrog skeleton (D:4)
  4 orc wizards
  Natasha (thrice) (D:4)
  3 worker ants
  A worker ant zombie (D:7)
  Robin (D:4)
  11 adders
  A howler monkey skeleton (D:7)
  A shadow imp (D:6)
  2 oozes
  An adder zombie (D:6)
  2 worms
  A leopard gecko (D:2)
  16 orcs
  2 ball pythons
  2 giant cockroaches
  9 goblins
  5 hobgoblins
  17 jackals
  2 kobolds (D:2)
  A quokka (D:3)
  3 bats
  A frilled lizard (D:2)
  A jackal skeleton (D:4)
  A quokka skeleton (D:4)
  6 rats
120 creatures vanquished.

Notes
Turn   | Place    | Note
-------+----------+-------------------------------------------
     0 | D:1      | wojtek the Minotaur Berserker began the quest for the Orb.
     0 | D:1      | Reached XP level 1. HP: 19/19 MP: 0/0
    34 | D:1      | You fall through a shaft!
    72 | D:2      | Found a bloodstained altar of Trog.
   216 | D:2      | Reached XP level 2. HP: 24/27 MP: 1/1
   254 | D:2      | Reached skill level 4 in Axes
   751 | D:2      | Reached XP level 3. HP: 30/33 MP: 2/2
   809 | D:3      | Noticed an ice beast
   817 | D:3      | Killed an ice beast
   817 | D:3      | Reached skill level 5 in Axes
   817 | D:3      | Reached XP level 4. HP: 41/41 MP: 3/3
   817 | D:3      | Reached XP level 5. HP: 47/47 MP: 4/4
   877 | D:3      | Noticed Sigmund
   945 | D:3      | Killed Sigmund
   945 | D:3      | Reached skill level 6 in Axes
   945 | D:3      | Reached XP level 6. HP: 54/55 MP: 5/5
  1170 | D:3      | Reached skill level 5 in Fighting
  1178 | D:3      | Reached ** piety under Trog
  1365 | D:3      | You fall through a shaft for 3 floors!
  1373 | D:6      | Found a staircase to the Ecumenical Temple.
  1374 | D:6      | Noticed an orc warrior
  1376 | D:5      | Entered Level 5 of the Dungeon
  1376 | D:5      | Found a glowing golden altar of the Shining One.
  1452 | D:5      | Found Sizevyi's Magic Scroll Boutique.
  1486 | D:5      | Bought a scroll of teleportation for 36 gold pieces
  1486 | D:5      | Bought a scroll of identify for 24 gold pieces
  1486 | D:5      | Bought a scroll of remove curse for 36 gold pieces
  1593 | D:4      | Found the amulet of the Four Winds {rN+ MR+++ Clar}
  1839 | D:4      | Noticed Natasha
  1849 | D:4      | Killed Natasha
  1942 | D:4      | Noticed Natasha
  1946 | D:4      | Noticed Robin
  1948 | D:4      | Killed Natasha
  1965 | D:4      | Killed Robin
  2046 | D:4      | Noticed Natasha
  2059 | D:4      | Killed Natasha
  2110 | D:4      | Noticed TheNamelessOne's ghost (amateur DsFE)
  2142 | D:4      | Killed TheNamelessOne's ghost
  2142 | D:4      | Reached XP level 7. HP: 61/61 MP: 6/6
  2257 | D:4      | Reached skill level 7 in Axes
  2731 | D:5      | Noticed Menkaure
  2734 | D:5      | Killed Menkaure
  2734 | D:5      | Reached skill level 5 in Armour
  2935 | D:5      | Found an ancient bone altar of Kikubaaqudgha.
  2938 | D:5      | Found Vanudy's Book Emporium.
  3147 | D:5      | Found Xirecaja's Magic Scroll Emporium.
  3153 | D:5      | Bought a scroll of magic mapping for 42 gold pieces
  3299 | D:5      | Found Wuer Zij's Antique Armour Shoppe.
  3443 | D:5      | Noticed aMcNicky's ghost (novice OgBe)
  3471 | D:5      | Killed aMcNicky's ghost
  3471 | D:5      | Reached *** piety under Trog
  3471 | D:5      | Reached skill level 8 in Axes
  3471 | D:5      | Reached skill level 5 in Dodging
  3471 | D:5      | Reached XP level 8. HP: 71/71 MP: 7/7
  4202 | D:6      | Found a deep blue altar of Sif Muna.
  4215 | D:6      | Reached skill level 9 in Axes
  4892 | D:7      | Reached XP level 9. HP: 79/79 MP: 8/8
  4994 | D:7      | Reached **** piety under Trog
  5135 | D:7      | Found a runed door.
  5269 | D:7      | Noticed Crazy Yiuf
  5273 | D:7      | Killed Crazy Yiuf
  5407 | D:7      | Reached skill level 10 in Axes
  6080 | D:7      | Killed from afar by an electric eel

Skill      XL: |  1  2  3  4  5  6  7  8  9 |
---------------+----------------------------+-----
Axes           | 4 5 6 8 9 10 | 10.1
Fighting       | 4 5 6 7 |  7.6
Armour         | 3 4 5 6 7 |  7.1
Dodging        | 3 4 5 6 |  6.1

Action                   |  1- 3 |  4- 6 |  7- 9 || total
-------------------------+-------+-------+-------++-------
Melee: Hand axe          |    48 |   124 |    98 ||   270
       Headbutt          |     5 |    20 |    31 ||    56
       Battleaxe         |       |       |    62 ||    62
Invok: Berserk           |     1 |     2 |     3 ||     6
       Burn Spellbooks   |       |       |     3 ||     3
  Eat: Chunk             |       |     6 |    10 ||    16
       Ration            |       |       |     1 ||     1
Armor: Chain mail        |    26 |    53 |    43 ||   122
       Plate armour      |       |       |    40 ||    40
Dodge: Dodged            |    23 |    58 |    73 ||   154
